 Dungeon Crawl Stone Soup version 0.32-a0-576-g706899e69d (webtiles) character file.

Game seed: 9965363152669655889

889 whatisthis the Apothecary (level 8, -1/63 HPs)
             Began as a Gnoll Wanderer on Mar 1, 2024.
             Slain by a river rat (4 damage)
             ... on level 5 of the Dungeon.
             The game lasted 00:12:01 (4444 turns).

whatisthis the Apothecary (Gnoll Wanderer)          Turns: 4444, Time: 00:12:01

Health: -1/63      AC:  5    Str: 13    XL:     8   Next: 6%
Magic:  8/14       EV: 12    Int: 12    God:
Gold:   266        SH:  0    Dex: 12    Spells: 14/15 levels left

rFire   . . .        h - +1 sling (drain)
rCold   . . .        (no shield)
rNeg    . . .        c - +0 leather armour
rPois   +            o - +0 helmet
rElec   .            (no cloak)
rCorr   .            v - +0 pair of gloves
SInv    .            (no boots)
Will    .....        (no amulet)
Stlth   ++           j - ring of poison resistance
HPRegen 0.30/turn    (no ring)
MPRegen 0.14/turn

%: no passive effects
@: no status effects
A: fangs 1, strong nose, distributed training
a: no special abilities


You were on level 5 of the Dungeon.
You visited 1 branch of the dungeon, and saw 5 of its levels.

You collected 266 gold pieces.

Inventory:

Hand Weapons
 a - a +0 dagger
 h - a +1 sling of draining (weapon)
 w - a +3 trident of pain
Missiles
 n - 17 poisoned darts
 r - a throwing net (quivered)
 x - 3 boomerangs
Armour
 c - a +0 leather armour (worn)
 o - a +0 helmet (worn)
 v - a +0 pair of gloves (worn)
Jewellery
 j - a ring of poison resistance (left hand)
Wands
 y - a wand of mindburst (13)
Scrolls
 b - 5 scrolls of teleportation
 d - a scroll of fog
 e - 2 scrolls of enchant weapon {unknown}
 f - 4 scrolls of blinking {unknown}
 m - a scroll of vulnerability {unknown}
 s - a scroll of identify {unknown}
 z - a scroll of amnesia {unknown}
Potions
 g - a potion of invisibility {unknown}
 i - a potion of lignification {unknown}
 k - 2 potions of haste {unknown}
 l - a potion of heal wounds {unknown}
 p - 2 potions of mutation {unknown}
 q - a potion of brilliance {unknown}
 t - a potion of resistance {unknown}
 u - a potion of curing {unknown}


   Skills:
 + Level 5.5 Fighting
 + Level 3.0 Short Blades
 + Level 3.0 Long Blades
 + Level 3.0 Axes
 + Level 3.0 Maces & Flails
 + Level 3.0 Polearms
 + Level 3.0 Staves
 + Level 3.0 Ranged Weapons
 + Level 3.0 Throwing
 + Level 3.0 Armour
 + Level 4.0 Dodging
 + Level 3.0 Stealth
 + Level 3.0 Shields
 + Level 3.0 Unarmed Combat
 + Level 4.2 Spellcasting
 + Level 2.4 Conjurations
 + Level 2.4 Hexes
 + Level 2.4 Summonings
 + Level 2.4 Necromancy
 + Level 2.4 Translocations
 + Level 2.4 Fire Magic
 + Level 2.4 Ice Magic
 + Level 2.4 Air Magic
 + Level 3.3 Earth Magic
 + Level 7.5 Alchemy
 + Level 3.3 Invocations
 + Level 4.0 Evocations
 + Level 2.7 Shapeshifting


You had 14 spell levels left.
You knew the following spells:

 Your Spells              Type           Power      Damage    Failure   Level
a - Sting                 Conj/Alch      56%        1d6       3%          1

Your spell library contained the following spells:

 Spells                   Type           Power      Damage    Failure   Level
 Sandblast                Erth           20%        2d7       7%          1
 Shock                    Conj/Air       32%        1d5       10%         1
 Olgreb's Toxic Radiance  Alch           20%        N/A       12%         4
 Sublimation of Blood     Necr           8%         N/A       16%         2
 Mephitic Cloud           Conj/Alch/Air  12%        N/A       16%         3
 Stone Arrow              Conj/Erth      18%        3d8       26%         3
 Petrify                  Alch/Erth      15%        N/A       28%         4
 Inner Flame              Hex/Fire       8%         N/A       30%         3
 Sticky Flame             Fire/Alch      14%        2d5       34%         4
 Anguish                  Hex/Necr       4%         N/A       69%         4
 Flame Wave               Conj/Fire      8%         2d5       69%         4
 Irradiate                Conj/Alch      7%         3d14      69%         5
 Fireball                 Conj/Fire      4%         3d4       95%         5
 Enfeeble                 Hex            4%         N/A       100%        7


Dungeon Overview and Level Annotations

Branches:
Dungeon (5/15)
 Temple: D:4-7

Altars:
Fedhas
Makhleb
Ru

Shops:
D:2 *   D:3 =

Annotations:
D:4 2 transporters, ShangFenghuang's ghost, amateur OpSh


Innate Abilities, Weirdness & Mutations

You have very sharp teeth.
Your uncanny sense of smell can sniff out nearby items.
Your experience applies equally to all skills.


Message History

The sling bullet completely misses the river rat.
The river rat bites you.
You shoot a sling bullet.
The sling bullet hits the river rat but does no damage.
The river rat is moderately wounded.
The river rat barely misses you.
The ogre hits you with a +0 giant spiked club!!
The river rat completely misses you. The river rat barely misses you.
Casting: Sting (safe; 3% risk of failure)
Confirm with . or Enter, or press ? or * to list all spells.
Aiming: Sting (safe; 3% risk of failure)
Press: ? - help, Shift-Dir - straight line, f/p - river rat
Aim: a river rat (lightly wounded, heavily drained, 68% to hit)
The sting hits the river rat.
The river rat is poisoned.
The river rat is heavily wounded.
The ogre hits you with a +0 giant spiked club!!
Ouch! That really hurt!
* * * LOW HITPOINT WARNING * * *
The river rat bites you but does no damage.
Okay, then.
Throw: 2 throwing nets
Press: ? - help, Q - select action, (/) - cycle Shift-Dir - straight line, f - ogre, p - river rat
Aim: an ogre, wielding a +0 giant spiked club (73% to hit)
You throw a throwing net. The throwing net hits the ogre.
The ogre is caught in the net!
The river rat bites you.
* * * LOW HITPOINT WARNING * * *
The ogre struggles against the net.
Unknown command.
The ogre struggles against the net.
The river rat attacks as it pursues you!
The river rat misses you.
The ogre struggles against the net.
The ogre struggles against the net.
The river rat bites you.
* * * LOW HITPOINT WARNING * * *
The ogre struggles against the net.
The river rat attacks as it pursues you!
The river rat bites you.
You die...

....##......### ....###.....###
#...# #.....)O###### #...#
#..####......# #..##
#..##.##...### # ...#
#..##.###..## ## ..##
#).##..##...## ### #. #..#
##<.##...##r..# #.###.
#...##...##....#@..# ##...#
#...........#_##..## #..##
##......##.....#...## ##.#
##......#...#.#....# #.#
#.....#...#.#..#..## #.#
#.....##.###..##...## ##.# #
##....)##..#..###....## #..##
###)......###...........#####...#
.....###......#...........##....#


You could see an ogre (caught) and a river rat (poisoned, very drained).

Vanquished Creatures
  3 ogres
  A phantom (D:4)
  A scorpion (D:4)
  A gnoll sergeant (D:5)
  A hound (D:5)
  2 orc priests (D:4)
  3 iguanas
  2 sleepcaps (D:4)
  2 orc wizards (D:4)
  5 gnolls
  4 adders
  A river rat (D:5)
  A ribbon worm (D:5)
  5 orcs
  9 endoplasms
  5 giant cockroaches
  4 hobgoblins
  4 quokkas
  6 ball pythons
  4 bats
  6 frilled lizards
  5 goblins
  12 kobolds
  9 rats
96 creatures vanquished.

Notes
Turn   | Place    | Note
-------+----------+-------------------------------------------
     0 | D:1      | whatisthis the Gnoll Wanderer began the quest for the Orb.
     0 | D:1      | whatisthis set off with the following items: a +0 club, a
                  | scroll of teleportation, a +0 leather armour, a scroll of
                  | fog; and the following spells available to memorise: Sting,
                  | Sandblast, Olgreb's Toxic Radiance, Stone Arrow, Sticky
                  | Flame.
     0 | D:1      | Reached XP level 1. HP: 20/20 MP: 4/4
     5 | D:1      | Learned a level 1 spell: Sting
    11 | D:1      | Got the Almanac of Ill-starred Bruises
   167 | D:1      | Reached XP level 2. HP: 20/26 MP: 1/5
   331 | D:1      | Reached XP level 3. HP: 28/31 MP: 0/7
   520 | D:1      | Reached skill level 1 in Invocations
   822 | D:2      | Reached skill level 1 in Short Blades
   822 | D:2      | Reached skill level 1 in Long Blades
   822 | D:2      | Reached skill level 1 in Axes
   822 | D:2      | Reached skill level 1 in Maces & Flails
   822 | D:2      | Reached skill level 1 in Polearms
   822 | D:2      | Reached skill level 1 in Staves
   822 | D:2      | Reached skill level 1 in Ranged Weapons
   822 | D:2      | Reached skill level 1 in Throwing
   822 | D:2      | Reached skill level 1 in Armour
   822 | D:2      | Reached skill level 1 in Stealth
   822 | D:2      | Reached skill level 1 in Shields
   822 | D:2      | Reached skill level 1 in Unarmed Combat
   829 | D:2      | Found Vuze's General Store.
  1260 | D:2      | Reached skill level 1 in Shapeshifting
  1260 | D:2      | Reached XP level 4. HP: 38/38 MP: 8/8
  1490 | D:3      | Found Ociunis's Jewellery Boutique.
  2078 | D:3      | Reached skill level 1 in Conjurations
  2078 | D:3      | Reached skill level 1 in Hexes
  2078 | D:3      | Reached skill level 1 in Summonings
  2078 | D:3      | Reached skill level 1 in Necromancy
  2078 | D:3      | Reached skill level 1 in Translocations
  2078 | D:3      | Reached skill level 1 in Fire Magic
  2078 | D:3      | Reached skill level 1 in Ice Magic
  2078 | D:3      | Reached skill level 1 in Air Magic
  2161 | D:3      | Found a faded altar of an unknown god.
  2275 | D:4      | Found a sacrificial altar of Ru.
  2333 | D:4      | Found a transporter.
  2338 | D:4      | Reached XP level 5. HP: 29/43 MP: 6/9
  2448 | D:4      | Found a transporter.
  2448 | D:4      | Noticed ShangFenghuang's ghost (amateur OpSh)
  2548 | D:4      | Noticed a phantom
  2570 | D:4      | Killed a phantom
  2571 | D:4      | Reached skill level 5 in Fighting
  2571 | D:4      | Reached XP level 6. HP: 22/51 MP: 1/11
  2715 | D:4      | Found a burning altar of Makhleb.
  3059 | D:5      | Entered Level 5 of the Dungeon
  3359 | D:4      | Reached XP level 7. HP: 45/56 MP: 10/12
  4250 | D:5      | Found a blossoming altar of Fedhas.
  4417 | D:5      | Reached XP level 8. HP: 63/63 MP: 5/14
  4438 | D:5      | HP: 3/63 [ogre/+0 giant spiked club (32)]
  4443 | D:5      | HP: 3/63 [river rat (1)]
  4444 | D:5      | Slain by a river rat

Illustrated notes

Levels and vault maps discovered:
D:1:      wander_arrival_fairy_ring, layout_rooms, minivault_27,
          amcnicky_mini_rare_corridor_liquid, due_unseen_surprise
D:2:      layout_loops_ring, serial_shops, shop_coins
D:3:      layout_loops_corners, serial_shops, shop,
          dreamdust_ecumenical_altar_grove, st_stairs_13
D:4:      layout_basic, nicolae_ru_great_annihilating_truth, bloody_makhleb,
          gammafunk_ghost_arena
D:5:      layout_layer_cave, portal_sewer_entry_c, minmay_ruined_shrine

Skill      XL: |  1  2  3  4  5  6  7 |
---------------+----------------------+-----
Earth Magic    | 2 3 |  3.3
Invocations    | 1 2 3 |  3.3
Short Blades   | 1 2 3 |  3.0
Long Blades    | 1 2 3 |  3.0
Axes           | 1 2 3 |  3.0
Maces & Flails | 1 2 3 |  3.0
Polearms       | 1 2 3 |  3.0
Staves         | 1 2 3 |  3.0
Ranged Weapons | 1 2 3 |  3.0
Throwing       | 1 2 3 |  3.0
Armour         | 1 2 3 |  3.0
Stealth        | 1 2 3 |  3.0
Shields        | 1 2 3 |  3.0
Unarmed Combat | 1 2 3 |  3.0
Shapeshifting  | 1 2 |  2.7
Spellcasting   | 3 4 |  4.2
Conjurations   | 1 2 |  2.4
Hexes          | 1 2 |  2.4
Summonings     | 1 2 |  2.4
Necromancy     | 1 2 |  2.4
Translocations | 1 2 |  2.4
Fire Magic     | 1 2 |  2.4
Ice Magic      | 1 2 |  2.4
Air Magic      | 1 2 |  2.4
Dodging        | 3 4 |  4.0
Evocations     | 3 4 |  4.0
Fighting       | 5 |  5.5
Alchemy        | |  7.5

Action                     |  1- 3 |  4- 6 |  7- 9 || total
---------------------------+-------+-------+-------++-------
  Melee: Club              |     6 |       |       ||     6
   Fire: Sling             |    53 |    84 |    61 ||   198
  Throw: Throwing net      |       |       |     1 ||     1
   Cast: Sting             |    19 |    46 |    53 ||   118
 Armour: Leather armour    |    25 |    45 |    49 ||   119
  Dodge: Dodged            |    21 |    45 |    44 ||   110

Table legend: (Time is in decaauts)
 A = Elapsed time spent in this place.
 B = Non-inter-level travel time spent in this place.
 C = Inter-level travel time spent in this place.
 D = Time resting spent in this place.
 E = Time spent auto-exploring this place.
 F = Levels seen in this place.
 G = Mean time per level.
                   A        B        C        D        E       F      G
               +--------+--------+--------+--------+--------+-----+--------+
         Total |   4520 |   4258 |    262 |   1008 |   2101 |   5 |  904.0 |
       Dungeon |   4520 |   4258 |    262 |   1008 |   2101 |   5 |  904.0 |
               +--------+--------+--------+--------+--------+-----+--------+

Top non-repeatable levels by time:
     D:4: 1848 daAuts
     D:1: 785 daAuts
     D:3: 766 daAuts
     D:2: 707 daAuts
     D:5: 413 daAuts
